 Dungeon Crawl Stone Soup version 0.27.1 (webtiles) character file.

Game seed: 5371906402645077168

277 Ishikawa the Shield-Bearer (level 6, -11/52 HPs)
             Began as a Minotaur Fighter on Sept 3, 2021.
             Killed from afar by Dowan (13 damage)
             ... with a stone arrow
             ... on level 4 of the Dungeon.
             The game lasted 00:05:04 (2814 turns).

Ishikawa the Shield-Bearer (Minotaur Fighter)       Turns: 2814, Time: 00:05:04

Health: -11/52     AC:  9    Str: 21    XL:     6   Next: 4%
Magic:  5/5        EV:  8    Int:  5    God:
Gold:   71         SH: 10    Dex: 11    Spells: 5/5 levels left

rFire    . . .     SeeInvis .   a - +0 long sword
rCold    . . .     Faith    .   c - +0 kite shield
rNeg     . . .     Spirit   .   b - +0 scale mail
rPois    .         Reflect  .   (helmet restricted)
rElec    .         Harm     .   o - +0 cloak
rCorr    .         Rampage  .   (no gloves)
Will     .....                  s - +0 pair of boots
Stlth    ..........             (no amulet)
HPRegen  0.17/turn              (no ring)
MPRegen  0.09/turn              (no ring)

@: mighty
A: horns 2, retaliatory headbutt
a: no special abilities


You were on level 4 of the Dungeon.
You visited 1 branch of the dungeon, and saw 4 of its levels.

You collected 71 gold pieces.

Inventory:

Hand Weapons
 a - a +0 long sword (weapon)
Armour
 b - a +0 scale mail (worn)
 c - a +0 kite shield (worn)
 o - a +0 cloak (worn)
 s - a +0 pair of boots (worn)
Scrolls
 f - a scroll of identify
 h - a scroll of silence {unknown}
 i - 3 scrolls of enchant weapon {unknown}
 k - a scroll of enchant armour {unknown}
 m - a scroll of brand weapon {unknown}
 n - a scroll of noise {unknown}
 q - a scroll of magic mapping {unknown}
Potions
 e - a potion of attraction
 g - a potion of magic {unknown}
 j - a potion of berserk rage {unknown}
 l - a potion of degeneration {unknown}
 p - 2 potions of heal wounds {unknown}
 r - a potion of cancellation {unknown}
 t - a potion of curing {unknown}


   Skills:
 * Level 4.2 Fighting
 * Level 4.3 Long Blades
 * Level 4.7 Armour
 * Level 2.1 Dodging
 * Level 1.5 Stealth
 * Level 4.9 Shields


You had 5 spell levels left.
You didn't know any spells.
Your spell library was empty.

Dungeon Overview and Level Annotations

Branches:
Dungeon (4/15)
 Temple: D:4-7

Altars:

Annotations:
D:4 Dowan


Innate Abilities, Weirdness & Mutations

You have a pair of horns on your head.
You reflexively headbutt those who attack you in melee.


Message History

Duvessa closely misses you.
You slash Duvessa!
Duvessa is almost dead.
You block Duvessa's attack. Dowan hits you but does no damage.
Duvessa barely misses you.
You hit Duvessa but do no damage.
Duvessa is almost dead.
Dowan gestures at Duvessa while chanting.
Duvessa seems to speed up.
Duvessa hits you with a +0 short sword. Dowan completely misses you.
You closely miss Duvessa.
Duvessa is almost dead.
You block Duvessa's attack. Dowan barely misses you. You furiously retaliate!
You headbutt Dowan. Duvessa hits you with a +0 short sword!
Dowan gestures at you while chanting. The puff of flame hits you!
You barely miss Duvessa.
Duvessa is almost dead.
Duvessa completely misses you. You furiously retaliate!
You headbutt Duvessa, but do no damage. Duvessa hits you with a +0 short sword.
* * * LOW HITPOINT WARNING * * *
Dowan hits you with a +0 dagger of speed.
* * * LOW HITPOINT WARNING * * *
You feel very mighty all of a sudden. You block Duvessa's attack.
Dowan hits you with a +0 dagger of speed.
* * * LOW HITPOINT WARNING * * *
Duvessa hits you with a +0 short sword.
* * * LOW HITPOINT WARNING * * *
Dowan hits you with a +0 dagger of speed.
* * * LOW HITPOINT WARNING * * *
You slash Duvessa!
You kill Duvessa!
Dowan seems overcome with grief, but rights himself reflexively soon after.
Dowan seems to find hidden reserves of power!
You block Dowan's attack.
Dowan breathes, "And she was my only..."
Dowan gestures at you while chanting. The stone arrow hits you!
You die...

## #.#.# ...
#.#..##
.#..###.#../.
......#.#...#
............#
###..#.#..<....###
......###.......# #
#.#....#....#e)# ..
......#......@# ...
#..#.#...#(..#
....#..#.....#...#
........ยง#.#.#...#
.......e<........#
...?.#.#.#...##..#
.### ....#.#####.#
..e..# . ..#
##.#### ##


You could see Dowan (fast).

Vanquished Creatures
  Duvessa (D:4)
  A hound (D:4)
  An orc priest (D:3)
  2 orc wizards (D:3)
  8 adders
  A worm (D:2)
  12 dart slugs
  6 orcs (D:3)
  7 ball pythons
  5 bats
  4 endoplasms
  3 giant cockroaches
  3 goblins (D:1)
  4 hobgoblins
  7 kobolds
  4 frilled lizards
  4 rats
73 creatures vanquished.

Notes
Turn   | Place    | Note
-------+----------+-------------------------------------------
     0 | D:1      | Ishikawa the Minotaur Fighter began the quest for the Orb.
     0 | D:1      | Reached XP level 1. HP: 19/19 MP: 0/0
   407 | D:1      | Found a faded altar of an unknown god.
   414 | D:1      | Reached XP level 2. HP: 27/27 MP: 1/1
  1074 | D:2      | Reached XP level 3. HP: 30/33 MP: 2/2
  1188 | D:2      | Reached skill level 1 in Dodging
  1570 | D:2      | Reached XP level 4. HP: 40/40 MP: 3/3
  2047 | D:3      | Reached skill level 1 in Stealth
  2047 | D:3      | Reached XP level 5. HP: 40/46 MP: 4/4
  2758 | D:4      | Noticed Dowan
  2796 | D:4      | Noticed Duvessa
  2803 | D:4      | Reached XP level 6. HP: 39/52 MP: 5/5
  2813 | D:4      | HP: 2/52 [Dowan (3)]
  2814 | D:4      | Killed Duvessa
  2814 | D:4      | Killed from afar by Dowan

Illustrated notes

Levels and vault maps discovered:
D:1:      tarquinn_simple_flora_water_e, layout_loops_corners, serial_bayou,
          serial_bayou_ford_a, serial_bayou_lagoon_a, serial_bayou_lake_a,
          serial_bayou_shore_b, serial_bayou_shore_b, serial_bayou_pond_b,
          ebering_ecumenical_altar_webs
D:2:      layout_loops_ring, minivault_27
D:3:      kennysheep_slugbush, layout_rooms, minmay_fountain_box,
          feat_on_display
D:4:      layout_basic, minmay_misc_feat_rows, grunt_ministairs_9,
          uniq_crazy_yiuf_cottage, uniq_duvessa, uniq_robin

Skill      XL: |  1  2  3  4  5 |
---------------+----------------+-----
Shields        | 4 |  4.9
Armour         | 4 |  4.7
Long Blades    | 3 4 |  4.3
Dodging        | 1 2 |  2.1
Fighting       | 4 |  4.2
Stealth        | 1 |  1.5

Action                   |  1- 3 |  4- 6 || total
-------------------------+-------+-------++-------
Melee: Long sword        |    84 |   102 ||   186
       Headbutt          |    11 |    20 ||    31
  Use: Scroll            |     1 |       ||     1
       Potion            |       |     1 ||     1
Armor: Scale mail        |    32 |    51 ||    83
Dodge: Dodged            |    32 |    40 ||    72
Block: Kite shield       |    40 |    71 ||   111
       Rpst.: Long sword |     7 |     4 ||    11
